 Dungeon Crawl Stone Soup version 0.31-a0-963-ga325b2283a (webtiles) character file.

Game seed: 650776103529567721

31 avis the Caller (level 3, 14/14 HPs)
             Began as a Felid Summoner on Oct 25, 2023.
             Got out of the dungeon alive.
             The game lasted 00:09:46 (1822 turns).

avis the Caller (Felid Summoner)                    Turns: 1822, Time: 00:09:47

Health: 14/14      AC:  1    Str:  4    XL:     3   Next: 7%
Magic:  8/8        EV: 17    Int: 16    God:
Gold:   29         SH:  0    Dex: 18    Spells: 2/8 levels left
                                        Lives:  0   Deaths: 1

rFire   . . .        (weapon unavailable)
rCold   . . .        (shield unavailable)
rNeg    . . .        (body armour unavailable)
rPois   .            (helmet unavailable)
rElec   .            (cloak unavailable)
rCorr   .            (gloves unavailable)
SInv    +            (boots unavailable)
Will    .....        (no amulet)
Stlth   ++           (no ring)
HPRegen 0.22/turn    (no ring)
MPRegen 0.11/turn

%: no passive effects
@: quick
A: very small, claws 1, fangs 3, see invisible, speed 1, shaggy fur 1, stealthy
paws, no weapons or thrown items, no armour, multi-lived
a: no special abilities


You escaped.
You visited 1 branch of the dungeon, and saw 2 of its levels.

You collected 29 gold pieces.

Inventory:

Jewellery
 i - a +4 ring of protection
 k - a ring of fire
Talismans
 e - a maw talisman
Scrolls
 b - a scroll of enchant armour {unknown}
 c - a scroll of acquirement {unknown}
 f - 2 scrolls of identify {unknown}
 h - a scroll of immolation {unknown}
 j - a scroll of torment {unknown}
Potions
 a - a potion of magic
 d - a potion of ambrosia {unknown}
 g - a potion of degeneration {unknown}


   Skills:
 - Level 2.6 Dodging
 - Level 2.6 Stealth
 * Level 3.0 Spellcasting
 + Level 4.3 Summonings


You had 2 spell levels left.
You knew the following spells:

 Your Spells              Type           Power      Damage    Failure   Level
a - Summon Small Mammal   Summ           64%        N/A       3%          1
c - Call Imp              Summ           32%        N/A       4%          2
d - Call Canine Familiar  Summ           16%        N/A       10%         3

Your spell library contained the following spells:

 Spells                   Type           Power      Damage    Failure   Level
 Summon Guardian Golem    Hex/Summ       9%         N/A       22%         3
 Summon Lightning Spire   Summ/Air       9%         N/A       58%         4


Dungeon Overview and Level Annotations

Branches:
Dungeon (2/15)

Altars:


Innate Abilities, Weirdness & Mutations

You have sharp claws.
You have razor-sharp teeth.
You have supernaturally acute eyesight. (SInv)
You cover ground quickly. (Speed+)
You are covered in fur. (AC +1)
Your paws help you pounce on unaware monsters.
You are incapable of wielding weapons or throwing items.
You cannot wear armour.
You gain extra lives every three experience levels.


Message History

Your Spellcasting skill increases to level 3!
There is a stone staircase leading up here.
You see here a quokka corpse.
You climb upwards.
Your summoned ally is left behind.
There is a stone staircase leading down here.
Magic restored.
There is an open door here.
There is an escape hatch in the floor here.
There is an open door here.
There is a stone staircase leading down here.
You climb downwards.
There is a stone staircase leading up here.
There is a stone staircase leading up here. 3 gnolls come into view.
A gnoll is wielding a +0 halberd.
Found 3 large rocks.
The gnoll shouts!
You hear a shout!
A giant cockroach comes into view.
A worm comes into view.
A gnoll comes into view. It is wielding a +0 halberd.
The gnoll throws a throwing net.
The throwing net hits you.
You become entangled in the net!
You see here a throwing net.
You tear a large gash into the net.
The gnoll hits you with a +0 flail!
Ouch! That really hurt!
The giant cockroach barely misses you.
You struggle against the net.
The gnoll closely misses you. x2
The giant cockroach misses you.
You rip the net and break free!
The gnoll hits you with a +0 flail!
Ouch! That really hurt!
You die...
The gnoll completely misses you.
The giant cockroach completely misses you.
You rejoin the land of the living...
You see here 5 stones.
There is a stone staircase leading up here.
You climb upwards.
There is a stone staircase leading down here.
You see here 4 boomerangs.
There is a staircase leading out of the dungeon here.
You have escaped!

####..#..#..##.#.# ###
......#..#..##.#.# #.# #
.##...#..#.......# #.# #
.##...#..#.###...#######.# #
.##.#.#..#...#...........# #
.#..#.#..#####..########.########
.................(.#####.........
#.########.........#....#########
#)#..'## #......@..#.##.#
#.#..#.###.....>...#.##.#
#.#>.##.##'#######.#.##.#
#.#..###>.########.#..#.#
..######'#..##...#.#.##.####
.##....).###.'...#.........#
.##......# ###...#.####.##.######
.##......# #...#...............
.######### ##########.......###


There were no monsters in sight!

Vanquished Creatures
  A hobgoblin (D:1)
  A kobold (D:1)
2 creatures vanquished.

Vanquished Creatures (collateral kills)
  A worm (D:2)
  3 ball pythons (D:1)
  3 endoplasms
  4 goblins (D:1)
  A hobgoblin (D:2)
  3 quokkas
  A bat (D:1)
  2 frilled lizards (D:1)
  4 kobolds (D:1)
  A rat (D:1)
23 creatures vanquished.

Grand Total: 25 creatures vanquished

Notes
Turn   | Place    | Note
-------+----------+-------------------------------------------
     0 | D:1      | avis the Felid Summoner began the quest for the Orb.
     0 | D:1      | Reached XP level 1. HP: 7/7 MP: 4/4
   537 | D:1      | Reached XP level 2. HP: 11/11 MP: 0/6
   608 | D:1      | Learned a level 2 spell: Call Imp
  1320 | D:1      | Found a faded altar of an unknown god.
  1636 | D:2      | Reached XP level 3. HP: 14/14 MP: 1/8
  1700 | D:2      | Learned a level 3 spell: Call Canine Familiar
  1764 | D:2      | Slain by a gnoll
  1822 | D:$      | Got out of the dungeon alive.

Illustrated notes

Levels and vault maps discovered:
D:1:      dpeg_arrival_connections, layout_basic, ebering_ecumenical_altar_rust,
          minmay_bisected
D:2:      layout_rooms

Skill      XL: |  1  2  3 |
---------------+----------+-----
Spellcasting   | 3 |  3.0
Dodging        | |  2.6
Stealth        | |  2.6
Summonings     | |  4.3

Action                     || total
---------------------------++-------
  Melee: Unarmed           ||     2
   Cast: Summon Small Mamm ||    43
         Call Imp          ||     9
         Call Canine Famil ||     1
   Stab: Sleeping          ||     1
 Armour: Skin              ||     3
  Dodge: Dodged            ||    16

Table legend: (Time is in decaauts)
 A = Elapsed time spent in this place.
 B = Non-inter-level travel time spent in this place.
 C = Inter-level travel time spent in this place.
 D = Time resting spent in this place.
 E = Time spent auto-exploring this place.
 F = Levels seen in this place.
 G = Mean time per level.
                   A        B        C        D        E       F      G
               +--------+--------+--------+--------+--------+-----+--------+
         Total |   1605 |   1441 |    164 |    486 |    582 |   2 |  802.5 |
       Dungeon |   1605 |   1441 |    164 |    486 |    582 |   2 |  802.5 |
               +--------+--------+--------+--------+--------+-----+--------+

Top non-repeatable levels by time:
     D:1: 1467 daAuts
     D:2: 137 daAuts
